 Dungeon Crawl Stone Soup version 0.28-a0-1518-gbe868bca14 (webtiles) character file.

Game seed: 5677075012157270066

3083 buddhastalin the Slicer (level 10, 0/94 HPs)
             Began as a Kobold Berserker on Jan 16, 2022.
             Was a Priest of Trog.
             Killed from afar by Erica (15 damage)
             ... with a bolt of poison
             ... on level 8 of the Dungeon on Jan 17, 2022.
             The game lasted 00:18:06 (9434 turns).

buddhastalin the Slicer (Kobold Berserker)          Turns: 9434, Time: 00:18:07

Health: 0/94       AC: 12    Str: 30    XL:     10   Next: 12%
Magic:  10/10      EV: 18    Int:  9    God:    Trog [***...]
Gold:   221        SH:  0    Dex: 17    Spells: 9/9 levels left

rFire   . . .      SeeInvis .   a - +1 dagger (venom)
rCold   . . .      Faith    .   (no shield)
rNeg    . . .      Spirit   .   e - +0 ring mail "Gineoff" {Dex+2}
rPois   .          Reflect  .   (no helmet)
rElec   .          Harm     .   g - +0 cloak
rCorr   .          Rampage  .   q - +2 pair of gloves
Will    .....                   k - +2 pair of boots
Stlth   ..........              p - amulet of the acrobat
HPRegen 0.25/turn               c - +6 ring of strength
MPRegen 0.12/turn               h - +6 ring of strength

@: berserking, lethally poisoned (0 -> -13), very quick
A: small, no large weapons, nightstalker 3
a: Renounce Religion, Berserk, Trog's Hand


You were on level 8 of the Dungeon.
You worshipped Trog.
Trog was most pleased with you.
You visited 1 branch of the dungeon, and saw 8 of its levels.

You collected 482 gold pieces.
You spent 261 gold pieces at shops.

Inventory:

Hand Weapons
 a - a +1 dagger of venom (weapon)
Missiles
 d - 24 poisoned darts (quivered)
Armour
 e - the +0 ring mail "Gineoff" (worn) {Dex+2}
   (You bought it in a shop on level 5 of the Dungeon)

   Dex:       It affects your dexterity (+2).
 g - a +0 cloak (worn)
 k - a +2 pair of boots (worn)
 q - a +2 pair of gloves (worn)
Jewellery
 c - a +6 ring of strength (left hand)
 h - a +6 ring of strength (right hand)
 o - a ring of fire
 p - an amulet of the acrobat (around neck)
Wands
 j - a wand of polymorph (20)
Scrolls
 f - 2 scrolls of teleportation
 i - 2 scrolls of identify
 l - a scroll of holy word
 s - a scroll of fear
Potions
 b - a potion of flight
 m - 3 potions of curing
 n - a potion of haste
 r - 2 potions of magic
 u - a potion of heal wounds {unknown}
 v - a potion of invisibility {unknown}


   Skills:
 + Level 7.5 Fighting
 - Level 11.1 Short Blades
 + Level 2.4 Armour
 + Level 7.7 Dodging
 + Level 8.6 Stealth


You had 9 spell levels left.
You didn't know any spells.
Your spell library was empty.

Dungeon Overview and Level Annotations

Branches:
Dungeon (8/15)             Temple (0/1) D:4
   Lair: D:8-11

Altars:
Cheibriados
Dithmenos
Ru
Vehumet
Wu Jian
Yredelemnul

Shops:
D:1 *   D:5 [

Annotations:
D:8 Erica


Innate Abilities, Weirdness & Mutations

You are small and have problems with some larger weapons.
You are completely attuned to the shadows.


Message History

Erica points at you and mumbles some strange words.
The bolt of poison misses you.
You closely miss Erica.
Erica is lightly wounded.
You hit Erica.
Erica is lightly wounded.
Erica gestures at you while chanting. The bolt of poison hits you!!
You are poisoned.
You hit Erica.
Erica looks as sick as possible!
Erica is lightly wounded.
You feel sick.
You closely miss Erica.
Erica is lightly wounded.
You feel sick.
Erica points at you and mumbles some strange words.
The bolt of poison hits you!!
You are more poisoned.
* * * LOW HITPOINT WARNING * * *
You feel better.
The centaur zombie completely misses you.
The centaur zombie kicks you but does no damage.
Erica hits you with a +0 scimitar of flaming!
* * * LOW HITPOINT WARNING * * *
Erica burns you.
* * * LOW HITPOINT WARNING * * *
The centaur zombie closely misses you. The centaur zombie barely misses you.
A red film seems to cover your vision as you go berserk!
You feel yourself moving faster!
You feel mighty!
The centaur zombie barely misses you. x2; Erica hits you but does no damage.
You puncture Erica!
Erica looks as sick as possible!
Erica is heavily wounded.
You hit Erica.
Erica looks as sick as possible!
Erica is heavily wounded.
The centaur zombie completely misses you.
The centaur zombie closely misses you. Erica gestures at you while chanting.
The bolt of poison hits you!
You are poisoned.
You die...

##... ##..
...#...####...
.......#......
..............
...
#.......#####
#..###
##...###
#....###
##.###
...Z...###..#
#@@......##
###......#
##.....#
##....# #....#


You could see Erica (extremely poisoned) and a centaur zombie.

Vanquished Creatures
  A wyvern (D:7)
  Eustachio (D:5)
  2 steam dragons (D:7)
  Grum (D:8)
  2 sky beasts
  2 black bears
  A necrophage (D:8)
  4 wolves (D:8)
  2 centaurs
  A kobold brigand (D:4)
  2 phantoms
  2 bullfrogs
  2 scorpions
  2 wyvern skeletons
  4 wights (D:4)
  A howler monkey (D:5)
  2 centaur zombies
  A bullfrog zombie (D:3)
  2 hounds
  A bullfrog skeleton (D:5)
  A gnoll shaman (D:7)
  3 orc priests
  4 iguanas
  Natasha (D:2)
  3 orc wizards
  3 gnolls (D:7)
  2 adders
  2 white imps
  3 ufetubi
  2 worms
  A dart slug (D:1)
  18 orcs
  5 bats
  4 endoplasms
  A giant cockroach (D:2)
  16 goblins
  12 hobgoblins
  4 jackals (D:1)
  A quokka (D:1)
  7 ball pythons
  4 frilled lizards
  9 kobolds
  3 rats (D:3)
145 creatures vanquished.

Vanquished Creatures (others)
  3 plants (D:1)
3 creatures vanquished.

Grand Total: 148 creatures vanquished

Notes
Turn   | Place    | Note
-------+----------+-------------------------------------------
     0 | D:1      | buddhastalin the Kobold Berserker began the quest for the
                  | Orb.
     0 | D:1      | Reached XP level 1. HP: 14/14 MP: 1/1
   176 | D:1      | Reached XP level 2. HP: 19/19 MP: 2/2
   198 | D:1      | Reached skill level 1 in Stealth
   582 | D:1      | Found Ugruekor's Assorted Antiques.
   647 | D:1      | Reached XP level 3. HP: 23/23 MP: 3/3
   975 | D:1      | Reached ** piety under Trog
  1661 | D:2      | Reached XP level 4. HP: 28/29 MP: 4/4
  1802 | D:2      | Reached skill level 5 in Short Blades
  2111 | D:2      | Noticed Natasha
  2119 | D:2      | Killed Natasha
  2242 | D:3      | Reached XP level 5. HP: 33/33 MP: 5/5
  2812 | D:3      | Found a basalt altar of Yredelemnul.
  2891 | D:3      | Found a shadowy altar of Dithmenos.
  2961 | D:3      | Found a faded altar of an unknown god.
  3442 | D:4      | Reached skill level 6 in Short Blades
  3442 | D:4      | Reached XP level 6. HP: 34/38 MP: 6/6
  3917 | D:4      | Reached XP level 7. HP: 44/44 MP: 7/7
  4058 | D:4      | Reached skill level 7 in Short Blades
  4064 | D:4      | Found a snail-covered altar of Cheibriados.
  4338 | D:4      | Found a staircase to the Ecumenical Temple.
  4927 | D:5      | Entered Level 5 of the Dungeon
  5135 | D:5      | Found an ornate altar of the Wu Jian Council.
  5180 | D:5      | Reached skill level 5 in Fighting
  5587 | D:5      | Reached skill level 8 in Short Blades
  5587 | D:5      | Reached skill level 5 in Dodging
  5587 | D:5      | Reached skill level 5 in Stealth
  5587 | D:5      | Reached XP level 8. HP: 49/49 MP: 8/8
  6120 | D:5      | Found Rannu's Antique Armour Shoppe.
  6125 | D:5      | Bought a smoking ring mail for 261 gold pieces
  6125 | D:5      | Identified the +0 ring mail "Gineoff" {Dex+2} (You bought
                  | it in a shop on level 5 of the Dungeon)
  6443 | D:5      | Noticed Eustachio
  6445 | D:5      | Killed Eustachio
  6446 | D:5      | Reached skill level 9 in Short Blades
  7154 | D:6      | Found a radiant altar of Vehumet.
  7190 | D:6      | Reached XP level 9. HP: 55/55 MP: 9/9
  7305 | D:6      | Reached *** piety under Trog
  7355 | D:6      | Identified the +6 quarterstaff "Kops" {vorpal, rPois Dex+4}
  7880 | D:6      | Reached skill level 10 in Short Blades
  8008 | D:7      | Found a sacrificial altar of Ru.
  8634 | D:7      | Reached skill level 11 in Short Blades
  9017 | D:8      | Noticed Grum
  9061 | D:8      | Reached XP level 10. HP: 40/63 MP: 10/10
  9067 | D:8      | Killed Grum
  9421 | D:8      | Noticed Erica
  9434 | D:8      | Killed from afar by Erica

Illustrated notes

Levels and vault maps discovered:
D:1:      eino_arrival_druids_welcome, layout_loops_ring, serial_shops,
          nicolae_shop_overgrown_old_shop
D:2:      cheibrodos_greedy_goblins, layout_basic, uniq_natasha
D:3:      layout_basic, mainiacjoe_overflow_catwalk,
          lemuel_coloured_pillars_altar, dreamdust_ecumenical_altar_grove
D:4:      layout_gridville, mainiacjoe_overflow_alcove_1,
          minmay_temple_entry_sparse_star
D:5:      layout_basic, mainiacjoe_overflow_paths, serial_shops, shop,
          uniq_eustachio
D:6:      layout_loops_corners, overflow_temple_1_default
D:7:      layout_rooms, kennysheep_mini
D:8:      layout_layer_cave, nicolae_benzene_ring, uniq_grum, uniq_pikel,
          uniq_erica, uniq_psyche

Skill      XL: |  1  2  3  4  5  6  7  8  9 |
---------------+----------------------------+-----
Stealth        | 1 2 3 4 5 6 8 |  8.6
Dodging        | 3 4 5 6 7 |  7.7
Short Blades   | 5 6 8 9 11 | 11.1
Fighting       | 4 5 6 7 |  7.5
Armour         | 2 |  2.4

Action                   |  1- 3 |  4- 6 |  7- 9 | 10-12 || total
-------------------------+-------+-------+-------+-------++-------
Melee: Short sword       |    57 |       |       |       ||    57
       Punch             |     2 |     2 |     5 |       ||     9
       Dagger            |    68 |   239 |   421 |    22 ||   750
Invok: Berserk           |     1 |     3 |     5 |     2 ||    11
  Use: Scroll            |       |       |    13 |       ||    13
       Potion            |       |       |       |     1 ||     1
 Stab: Sleeping          |    13 |    12 |    23 |       ||    48
Armor: Animal skin       |    19 |    32 |       |       ||    51
       Leather armour    |       |    21 |       |       ||    21
       Robe              |       |       |    28 |       ||    28
       Ring mail         |       |       |    53 |     2 ||    55
Dodge: Dodged            |    64 |   105 |   228 |    19 ||   416

Table legend: (Time is in decaauts)
 A = Elapsed time spent in this place.
 B = Non-inter-level travel time spent in this place.
 C = Inter-level travel time spent in this place.
 D = Time resting spent in this place.
 E = Time spent auto-exploring this place.
 F = Levels seen in this place.
 G = Mean time per level.
                   A        B        C        D        E       F      G
               +--------+--------+--------+--------+--------+-----+--------+
         Total |   9238 |   8991 |    247 |   2354 |   5354 |   8 | 1154.8 |
       Dungeon |   9238 |   8991 |    247 |   2354 |   5354 |   8 | 1154.8 |
               +--------+--------+--------+--------+--------+-----+--------+

Top non-repeatable levels by time:
     D:5: 1737 daAuts
     D:4: 1604 daAuts
     D:1: 1359 daAuts
     D:6: 1231 daAuts
     D:3: 1078 daAuts
     D:2: 831 daAuts
     D:7: 764 daAuts
     D:8: 630 daAuts
